AoeStats
← maNIC

Arena

509635477Analyzed
1v1 RM · 6d ago on Sep 27, 2026· 46m 39s· 2 players
Game mode
Random Map
Map size
Tiny (2 player)
Population
200
Speed
Normal
Resources
Standard
Victory
Conquest
Starting age
Dark Age
Ending age
Imperial Age
RankedLock teamsTeams togetherTeam positionsShared explorationLock speedFull tech treeHidden civsTurbo modeCheats
Victory
Defeat
🇹🇷 Bohemians · Türkiye
493
+16
🇸🇪 Turks · Sweden
486
-16
Mjölk
1:48 Loom
14:51 Feudal Age
19:47 Castle Age
18:12 Horse Collar
18:20 Double-Bit Axe
23:38 Heavy Plow
32:12 Fletching
32:46 Gold Mining
38:17 Imperial Age
36:25 Wheelbarrow
38:05 Bow Saw
39:02 Bodkin Arrow
40:10 Conscription
44:26 Cavalier
maNIC
6:20 Loom
10:35 Feudal Age
11:18 Double-Bit Axe
11:19 Horse Collar
13:17 Wheelbarrow
14:10 Man-at-Arms
14:37 Arson
17:33 Town Watch
21:09 Castle Age
20:05 Fletching
20:56 Scale Mail Armor
21:34 Elite Skirmisher
23:38 Husbandry
26:23 Pikeman
30:35 Forging
30:21 Bodkin Arrow
30:27 Padded Archer Armor
30:42 Chain Mail Armor
32:38 Hand Cart
32:26 Squires
36:52 Imperial Age
34:30 Scale Barding Armor
39:09 Bow Saw
38:56 Cavalier
40:47 Chemistry
42:14 Wagenburg Tactics
Connection lost

Rejoining the realm…

Still unreachable

The connection could not be restored.

Session expired

The server has moved on; the page needs a fresh start.